Unix NetHack Version 3.7.0-89 Work-in-progress - last build Sep 25 2023 05:26:45 (48e034876007844a536bf88644040a71d2893410,branch:master). Game began 2023-10-09 19:42:22, ended 2023-10-15 04:51:04. youngster, lawful female human Knight --------------- |.......0..{..-#### --------- #..............| #######--------------- |.......| #|.............| #|.............| #....<...| #------.-------- ###..............| #|.......| ### ##### ## #|.............| #|.......| # ## ## |.............| #|......`| # # # -----------.--- #|.......| ## # # ### #--------- ---------# ### # # #### |??.%%%@|# # ## # # |?!%?*.@-# # # #0## # |?!%%)?.| ### # --------.-|- ---.-----# --------- ---.---# |........:.| #.......k|# |.....|# |>.........-####|.......%# |......# |..........| |.......| |.....| ------------ --------- ------- Youngster the Sergeant St:18/10 Dx:14 Co:18 In:7 Wi:16 Ch:18 Lawful Dlvl:3 $:0 HP:0(81) Pw:100(100) AC:7 Xp:12/28860 T:20470 Lev Latest messages: You finish taking off your helm. What do you want to take off? [qEFG or ?*] You finish taking off your gloves. What do you want to take off? [qEF or ?*] You are not wearing that. What do you want to take off? [qEF or ?*] You can't. It is cursed. What do you want to take off? [qEF or ?*] You can see through yourself. You were wearing an uncursed +0 mummy wrapping. What do you want to take off? [AEF or ?*] You finish taking off your dragon mail. What do you want to take off? [EF or ?*] You were wearing an amulet of reflection. What do you want to read? [tx or ?*] You read the scroll. The scroll erupts in a tower of flame! Boom! The scroll labeled XOR OTA will cost you 53 zorkmids. You see a puff of smoke. You see a puff of smoke. Angmagssalik gets angry! Angmagssalik is caught in the tower of flame! Your lamp catches light! Your scroll labeled VENZAR BORGAVVE catches fire and burns! You aren't hurt! Angmagssalik zaps a wand of striking! The wand hits you! Angmagssalik zaps a wand of striking! The wand hits you! A scroll labeled XOR OTA for 71 zorkmids. Pay? [yn] (n) You paid for a scroll labeled XOR OTA at a cost of 71 gold pieces. Angmagssalik zaps a wand of striking! The wand misses you. Angmagssalik zaps a wand of striking! The wand hits you! What do you want to put on? [jzRS or ?*] Which ring-finger, Right or Left? [rl] You move very quietly. z - a ring of stealth (on left hand). Angmagssalik zaps a wand of striking! The wand hits you! Angmagssalik hits! Angmagssalik hits again! # You begin praying to Lugh. Angmagssalik hits! Angmagssalik hits again! You die... Angmagssalik takes all your possessions. Inventory: Amulets ('"') S - a cursed amulet of change R - an uncursed amulet of reflection Armor ('[') H - an uncursed thoroughly rusty +0 helmet G - an uncursed +0 pair of leather gloves W - an uncursed +0 pair of elven boots E - a cursed +0 pair of levitation boots named P19917 (being worn) F - a cursed +0 shield of reflection named !c (being worn) q - an uncursed +0 mummy wrapping A - a blessed +2 gray dragon scale mail named poisn tele slp Comestibles ('%') y - 6 uncursed carrots V - an uncursed food ration i - 4 uncursed lumps of royal jelly o - 18 uncursed lumps of royal jelly X - an uncursed lizard corpse Rings ('=') z - an uncursed ring of stealth (on left hand) Wands ('/') s - an uncursed wand of digging (0:1) r - an uncursed wand of make invisible (0:2) Z - a cursed wand of striking (0:4) Tools ('(') m - an uncursed sack containing 4 items j - an uncursed blindfold u - an uncursed leash l - an uncursed oil lamp (lit) e - an uncursed skeleton key c - an uncursed stethoscope v - an uncursed tin whistle h - an uncursed +0 unicorn horn Gems/Stones ('*') f - 2 uncursed garnet stones M - 2 uncursed opals I - 2 uncursed worthless pieces of blue glass C - an uncursed worthless piece of green glass g - an uncursed worthless piece of orange glass P - an uncursed worthless piece of red glass p - an uncursed worthless piece of yellow glass L - an uncursed worthless piece of yellowish brown glass k - a blessed luckstone Contents of the sack: an uncursed scroll of light an uncursed potion of blindness a cursed potion of object detection an uncursed +0 pick-axe Youngster the Knight's attributes: Background: You were a Sergeant, a level 12 female human Knight. You were lawful, on a mission for Lugh who was opposed by Brigit (neutral) and Manannan Mac Lir (chaotic). You were in the Dungeons of Doom, on level 3. You entered the dungeon 20470 turns ago. It was nighttime. There was a new moon in effect when your adventure ended. You had 28860 experience points, 11140 more were needed to attain level 13. Basics: You had 0 out of 81 hit points. You had all 100 energy points (spell power). Your armor class was 7. Your wallet was empty. Autopickup was off. Final Characteristics: Your strength was 18/10 (limit:18/100). Your dexterity was 14 (limit:18). Your constitution was 18 (limit:18). Your intelligence was 7 (peak:9, limit:18). Your wisdom was 16 (limit:18). Your charisma was 18 (limit:18). Final Status: You were levitating. You were not hungry. You were unencumbered. You were bare handed. You were unskilled in bare handed combat and could have enhanced that. Final Attributes: You were the Hand of Elbereth. You were piously aligned. You were fire resistant. You were cold resistant. You were sleep resistant. You were shock resistant. You were poison resistant. You saw invisible. You were telepathic. You were invisible to others. You were stealthy. You could jump. You had reflection. You were very lucky. You had extra luck. Good luck did not time out for you. Lugh was angry with you. You are dead. Miscellaneous: You encountered 1 bones level. Total elapsed playing time was 9 hours, 38 minutes and 8 seconds. Major events: Turn 1: youngster the lawful female human Knight entered the dungeon 1246: entered the Gnomish Mines 1378: attained the rank of Esquire (level 3) 2035: reached Mine Town 2914: made her first wish - "blessed fixed +2 gray dragon scale mail", got "a gray dragon scale mail" 3254: attained the rank of Bachelor (level 6) 4919: acquired the Mines' End luckstone 6643: entered Sokoban 7098: completed 1st Sokoban level 7774: completed 2nd Sokoban level 8197: completed 3rd Sokoban level 9168: completed 4th Sokoban level 9334: acquired the Sokoban amulet of reflection 9934: received Excalibur from a strange woman laying about in a pond 10032: attained the rank of Sergeant (level 10) 10778: found Cleaver on the floor 11238: entered the Bigroom 11725: just blew up her bag of holding 12101: was crowned "The Hand of Elbereth" by Lugh 12948: killed Hebiwerie, the general store proprietor 18390: killed Medusa 20470: killed by Mr. Angmagssalik; the shopkeeper, while praying Vanquished creatures: Medusa a blue dragon a minotaur 2 demiliches 5 Olog-hai a vampire leader a shopkeeper a lich a water troll a lieutenant a ghost 7 queen bees 2 mind flayers 2 giant mimics 2 long worms 2 zruties an ogre tyrant a large mimic 3 wumpuses 5 stalkers an air elemental a fire elemental 5 hill giants a giant mummy 2 black nagas 3 giant zombies an elf-noble 3 wargs 10 small mimics 2 warhorses 5 xans 3 ogre leaders a quantum mechanic 7 trolls a wood golem 4 sharks 3 gelatinous cubes 3 freezing spheres a shocking sphere a large cat 3 tigers 3 gargoyles 2 dwarf rulers a tengu 3 ochre jellies 4 leocrottas 2 energy vortices 2 mountain centaurs 2 elf mummies 2 red nagas a green slime a python 2 pit vipers 3 wraiths 3 carnivorous apes 2 ettin zombies a leather golem 6 soldiers 3 giant beetles a quivering blob 4 cockatrices 3 wolves 8 winter wolf cubs a lynx a gremlin a spotted jelly 13 leprechauns 3 orc-captains 2 mumakil 2 giant spiders a scorpion 3 horses 3 ice vortices 2 vampire bats 3 forest centaurs a gnome ruler a dwarf mummy 4 rust monsters 6 owlbears 2 yetis a werewolf 3 Green-elves 2 giant eels 4 lizards a chickatrice 6 dingoes 3 jaguars a dwarf leader 2 blue jellies 3 gray unicorns 4 black unicorns a dust vortex 3 ravens 2 plains centaurs a gnome mummy 2 snakes 4 human zombies 2 rope golems 2 Woodland-elves 2 soldier ants 2 fire ants 11 bugbears an imp 16 quasits 3 wood nymphs a water nymph 2 mountain nymphs a Mordor orc 4 Uruk-hai an orc shaman 5 rock piercers 2 rock moles a pony a fog cloud 4 yellow lights 2 shriekers 2 violet fungi 22 gnome leaders 4 gnomish wizards a kobold mummy 3 gray oozes a barrow wight 2 elf zombies a straw golem 12 giant ants 4 floating eyes 2 kittens 7 dwarves a homunculus 2 kobold leaders 2 kobold shamans a hill orc 13 rothes 5 giant bats 3 monkeys 2 dwarf zombies a werejackal 3 iguanas 88 killer bees 6 acid blobs 2 coyotes 2 gas spores a hobbit 13 manes 4 large kobolds 6 hobgoblins 5 giant rats 10 cave spiders a brown mold a yellow mold 61 gnomes 8 garter snakes 3 gnome zombies 13 geckos 9 jackals 3 foxes 2 kobolds 6 goblins a sewer rat 7 grid bugs 4 bats 12 lichens 13 newts 691 creatures vanquished. No species were genocided or became extinct. Voluntary challenges: You read items or engraved 29 times. You engraved Elbereth 16 times. You never genocided any monsters. You never polymorphed an object. You never changed form. You used 1 wish. You did not wish for any artifacts. You violated the special Sokoban rules twice. Achievements: You entered a shop. You entered the Gnomish Mines. You attained the rank of Esquire. You entered Minetown. You entered a temple. You attained the rank of Bachelor. You completed the Gnomish Mines. You entered Sokoban. You completed Sokoban. You attained the rank of Sergeant. You entered the Big Room. You defeated Medusa. The Dungeons of Doom: levels 1 to 25 Level 1: A fountain. Level 2: An armor shop. Level 3: <- You were here. A general store, a fountain. Final resting place for you, killed by Mr. Angmagssalik; the shopkeeper, while praying. Level 4: A fountain, a sink. Stairs down to The Gnomish Mines. Level 5: Many fountains. Oracle of Delphi. Level 6: Stairs up to Sokoban, level 5. Level 7: A fountain. Level 8: Many fountains, a grave. Level 9: An untended shop, a sink. Level 10: A fountain. Level 11: Many altars, a fountain. Summoned by King Arthur. Portal to The Quest. Level 12: A very big room. Level 13: Portal to Fort Ludios. Level 14: A fountain. Level 15: A primitive area. Level 16: Some fountains. Level 17: Level 18: A fountain. Level 19: "grave" Many fountains. Level 20: Level 21: Level 22: Level 23: Level 24: Level 25: A throne, a fountain. The castle. The Gnomish Mines: levels 5 to 12 Level 5: Level 6: Level 7: Level 8: Many shops, a temple, some fountains, some trees. Level 9: Level 10: Level 11: "stay tf away from here rust mosnter" A grave. Final resting place for Pux-Hea-Hum-Mal-Neu, killed by a carnivorous ape. Level 12: "bottom left quad in a nook" The Quest: Level 1: A throne. Home. Sokoban: levels 5 up to 2 Level 2: Solved. Level 3: Solved. Level 4: Solved. Level 5: Solved. Fort Ludios: Level 1: Game over: ---------- / \ / REST \ / IN \ / PEACE \ / \ | youngster | | 0 Au | | killed by Mr. | | Angmagssalik; | | the shopkeeper | | | | 2023 | *| * * * | * _________)/\\_//(\/(/\)/\//\/|_)_______ Fare thee well youngster the Knight... You died in The Dungeons of Doom on dungeon level 3 with 119830 points, and 0 pieces of gold, after 20470 moves. You were level 12 with a maximum of 81 hit points when you died.